 Dungeon Crawl Stone Soup version 0.29-a0-330-g52719c12eb (webtiles) character file.

Game seed: 7835748116913386056

23322 Anon1729 the Severer (level 12, -22/112 HPs)
             Began as a Minotaur Monk on May 27, 2022.
             Was the Champion of Jiyva.
             Killed from afar by a deep elf zephyrmancer (35 damage)
             ... with a bolt of lightning
             ... on level 13 of the Dungeon.
             The game lasted 00:11:19 (9280 turns).

Anon1729 the Severer (Minotaur Monk)                Turns: 9280, Time: 00:11:20

Health: -22/112    AC: 16    Str: 18    XL:     12   Next: 70%
Magic:  0/11       EV:  9    Int:  7    God:    Jiyva [******]
Gold:   565        SH:  6    Dex: 22    Spells: 11/11 levels left

rFire   . . .      SeeInvis +   m - +1 executioner's axe
rCold   + . .      Faith    .   (shield currently unavailable)
rNeg    . . .      Spirit   +   f - +0 chain mail
rPois   .          Reflect  .   (helmet restricted)
rElec   .          Harm     .   p - scarf {repulsion}
rCorr   +          Rampage  .   I - +1 pair of gloves
Will    .....                   (boots unavailable)
Stlth   +++++.....              y - amulet of guardian spirit
HPRegen 1.88/turn               J - ring "Sikh" {rC+ Dex+6}
MPRegen 0.62/turn               l - ring of see invisible

@: about to teleport, slowed, repel missiles, very slow
A: horns 2, retaliatory headbutt, claws 1, hooves 3, iridescent scales 1, large
bone plates 2, camouflage 3, wild magic 2, acidic bite, tendrils
a: Renounce Religion, Oozemancy, Slimify


You were on level 13 of the Dungeon.
You worshipped Jiyva.
Jiyva was exalted by your worship.
You visited 1 branch of the dungeon, and saw 13 of its levels.
You visited the Abyss 1 time.

You collected 598 gold pieces.
You spent 33 gold pieces at shops.

Inventory:

Hand Weapons
 a - a +0 hand axe
 m - a +1 executioner's axe (weapon)
 A - a +0 broad axe
 G - a +3 scimitar of flaming
Missiles
 E - 7 javelins (quivered)
Armour
 b - a +0 robe
 f - a +0 chain mail (worn)
 p - a scarf of repulsion (worn)
 I - a +1 pair of gloves (worn)
Jewellery
 l - a ring of see invisible (right hand)
 n - a ring of flight
 y - an amulet of guardian spirit (around neck)
 J - the ring "Sikh" (left hand) {rC+ Dex+6}
   (You found it on level 12 of the Dungeon)

   [ring of dexterity]

   Dex:       It affects your dexterity (+6).
   rC:        It protects you from cold.
Wands
 B - a wand of flame (27)
 F - a wand of digging (8)
Scrolls
 d - 2 scrolls of vulnerability
 g - a scroll of noise
 h - a scroll of immolation
 j - 2 scrolls of magic mapping
 k - a scroll of summoning
 o - 2 scrolls of enchant armour
 q - 2 scrolls of blinking
 t - 5 scrolls of teleportation
 u - 2 scrolls of fog
 v - 5 scrolls of fear
 x - a scroll of torment
Potions
 c - 2 potions of ambrosia
 e - 4 potions of flight
 i - 2 potions of haste
 r - a potion of lignification {unknown}
 s - 4 potions of curing
 w - a potion of attraction {unknown}
 z - 4 potions of mutation {unknown}
 C - a potion of magic {unknown}
 D - a potion of berserk rage {unknown}
 H - a potion of heal wounds {unknown}


   Skills:
 + Level 12.2 Fighting
 * Level 16.3 Axes
 + Level 11.6 Armour
 - Level 3.2 Dodging
 + Level 9.2 Stealth


You had 11 spell levels left.
You didn't know any spells.
Your spell library contained the following spells:

 Spells                   Type           Power      Damage    Failure   Level
 Magic Dart               Conj           0%         1d3       99%         1
 Searing Ray              Conj           0%         2d4       100%        2
 Gell's Gravitas          Tloc           0%         N/A       100%        3
 Inner Flame              Hex/Fire       0%         N/A       100%        3
 Teleport Other           Tloc           0%         N/A       100%        3
 Tukima's Dance           Hex            0%         N/A       100%        3
 Cause Fear               Hex            0%         N/A       100%        4
 Fulminant Prism          Conj/Hex       0%         3d6       100%        4
 Passage of Golubria      Tloc           0%         N/A       100%        4
 Yara's Violent Unravell  Hex/Tmut       0%         3d3       100%        5
 Dispersal                Tloc           0%         N/A       100%        6
 Discord                  Hex            0%         N/A       100%        8


Dungeon Overview and Level Annotations

Branches:
Dungeon (13/15)            Temple (0/1) D:7            Lair (0/6) D:9
    Orc (0/2) D:11         Vaults (0/5) D:13

Altars:
Makhleb
Ru
Jiyva

Shops:
D:4 *   D:8 [

Portals:
Abyss: D:8
Trove: D:12 (give +7 demon whip)

Annotations:
D:6 3 runed translucent doors, Jeffvaz's ghost, novice MiGl
D:8 2 transporters, Swippen's ghost, novice GnFi
D:9 3 runed translucent doors, HoaS's ghost, novice TrGl


Innate Abilities, Weirdness & Mutations

You have a pair of horns on your head.
You reflexively headbutt those who attack you in melee.
You have sharp fingernails.
You have hooves in place of feet.
You are partially covered in iridescent scales. (AC +2)
You are mostly covered in large bone plates. (SH +6)
Your skin perfectly mimics your surroundings (Stealth+++).
Your spells are harder to cast, but more powerful.
You have acidic saliva.
You are covered in slimy tendrils that may disarm your opponents.


Message History

You barely miss the stone giant. You kick the stone giant!
You headbutt the stone giant, but do no damage.
The stone giant is severely wounded.
The teleport trap disappears.
The tengu warrior disappears!
The stone giant hits you!
The stone giant attacks as you move away!
The stone giant hits you!!
* * * LOW HITPOINT WARNING * * *
You feel better. The stone giant hits you!!
* * * LOW HITPOINT WARNING * * *
You slash the stone giant! You kick the stone giant.
You headbutt the stone giant.
You kill the stone giant!
The sphinx mumbles some strange words.
You feel yourself slow down.
The sphinx mumbles some strange words.
You suddenly lose the ability to move!
The sphinx casts a spell.
You feel as though you will be slow longer.
The sphinx mumbles some strange words.
You feel as though you will be slow longer.
You can move again.
Okay, then.
As you read the scroll of teleportation, it crumbles to dust.
You feel strangely unstable.
You block the deep elf zephyrmancer's attack.
The deep elf zephyrmancer hits you with the +9 short sword of Change {spect, rPois Str+3 Int-5 Dex+2}!
* * * LOW HITPOINT WARNING * * *
Your tendrils lash around the deep elf zephyrmancer's +9 short sword of Change {spect, rPois Str+3 Int-5 Dex+2} and pull it to the ground!
The sphinx hits you!
* * * LOW HITPOINT WARNING * * *
The sphinx hits you!
* * * LOW HITPOINT WARNING * * *
The sphinx hits you but does no damage.
Blink to where?
Press: ? - help, Dir - move target
As you read the scroll of blinking, it crumbles to dust.
The deep elf zephyrmancer gestures at you while chanting.
The bolt of lightning hits you!!!
You die...

≈≈# #≈≈≈...# ≈≈# ....#
#.... #≈≈≈...#
≈≈####....##....####≈≈....#
≈≈≈≈≈##........##≈≈≈≈≈....#
.≈≈≈≈≈##......##≈≈≈≈≈....##
..≈≈≈≈≈#......#≈≈≈≈≈.....#
...≈≈≈≈#......#≈≈≈≈......#
....≈≈≈###..###≈≈≈......##
......≈≈≈≈..≈≈≈≈@.......#
.........≈..≈..........##
......................##
##......(.e.........###
####...§.H......####
##############


You could see a sphinx and a deep elf zephyrmancer.

Vanquished Creatures
  A stone giant (D:13)
  2 vault guards (D:13)
  A boulder beetle (D:12)
  5 two-headed ogres
  Erica (D:10)
  A centaur warrior (D:9)
  Urug (D:10)
  Sonja (D:12)
  A titan skeleton (Abyss:1)
  Lodul (D:9)
  A deep elf archer (D:13)
  A golden dragon skeleton (Abyss:1)
  A phantasmal warrior (D:13)
  A necromancer (D:13)
  An ugly thing (D:13)
  3 manticores
  3 cyclopes
  Joseph (D:10)
  An orange demon (Abyss:1)
  An apocalypse crab (Abyss:1)
  2 kobold demonologists (D:13)
  A gargoyle (D:11)
  An unseen horror (D:11)
  A hornet (D:11)
  3 meliai (D:13)
  3 trolls
  4 raiju (Abyss:1)
  2 wraiths
  A large abomination (Abyss:1)
  A wyvern (D:9)
  18 humans (D:13)
  2 water elementals (D:13)
  5 small abominations (Abyss:1)
  4 steam dragons
  Edmund (D:6)
  2 vampire mosquitoes (D:12)
  A water moccasin (D:9)
  5 orc warriors
  An ice beast (D:8)
  3 centaurs
  An ogre (D:9)
  A kobold brigand (D:13)
  A necrophage (D:7)
  A gnoll sergeant (D:10)
  A scorpion (D:6)
  13 wights
  2 electric eels (D:13)
  4 howler monkeys
  4 hounds
  5 orc priests
  3 gnoll shamans
  3 iguanas
  7 orc wizards
  Natasha (D:2)
  23 gnolls
  5 adders
  2 shadow imps
  2 white imps
  3 ufetubi
  A worm (D:2)
  A dart slug (D:2)
  34 orcs
  3 ball pythons
  4 bats
  4 endoplasms (D:1)
  3 giant cockroaches
  3 goblins
  4 hobgoblins
  A jackal (D:3)
  5 kobolds
  3 quokkas
  7 rats
245 creatures vanquished.

Vanquished Creatures (collateral kills)
  A necromancer (D:13)
  2 cyclopes
  An efreet (Abyss:1)
  A human (D:13)
  An ice beast (D:6)
  A bullfrog (D:6)
  A wight (D:6)
  An orc priest (D:7)
  2 orcs (D:7)
11 creatures vanquished.

Vanquished Creatures (others)
  A deep elf pyromancer (D:12)
  A slime creature (D:12)
  A shadow (D:12)
  A yak (D:10)
  2 vampire mosquitoes (D:12)
  A water moccasin (D:8)
  An orc warrior (D:10)
  A necrophage (D:4)
  A wight (D:9)
  3 howler monkeys (D:10)
  2 electric eels (D:13)
  41 jellies
  2 orc priests (D:9)
  A hound (D:4)
  An orc wizard (D:6)
  Natasha (twice) (D:2)
  2 adders (D:4)
  A white imp (D:6)
  An ufetubus (D:6)
  7 orcs
  2 ball pythons
  3 endoplasms
  A goblin (D:11)
  A hobgoblin (D:4)
  A jackal (D:3)
  A quokka (D:4)
  A frilled lizard (D:2)
  9 plants (D:2)
92 creatures vanquished.

Grand Total: 348 creatures vanquished

Notes
Turn   | Place    | Note
-------+----------+-------------------------------------------
     0 | D:1      | Anon1729 the Minotaur Monk began the quest for the Orb.
     0 | D:1      | Reached XP level 1. HP: 19/19 MP: 0/0
   232 | D:1      | Reached skill level 1 in Armour
   232 | D:1      | Reached XP level 2. HP: 15/27 MP: 1/1
   487 | D:1      | Reached skill level 4 in Axes
   620 | D:1      | Reached XP level 3. HP: 33/33 MP: 2/2
   750 | D:1      | Found a faded altar of an unknown god.
   761 | D:1      | Prayed at the altar of an unknown god.
   761 | D:1      | Became a worshipper of Jiyva Jedweonn the Shapeless
   761 | D:1      | Reached * piety under Jiyva
   761 | D:1      | Reached ** piety under Jiyva
   883 | D:2      | Reached *** piety under Jiyva
   998 | D:2      | Reached XP level 4. HP: 35/35 MP: 3/3
  1047 | D:2      | Gained mutation: Your rubbery body absorbs attacks. (AC +1,
                  | EV +1) [Jiyva's grace]
  1047 | D:2      | Gained mutation: Your pliable body absorbs attacks. (AC +2,
                  | EV +2) [Jiyva's grace]
  1047 | D:2      | Gained mutation: Your gelatinous body deflects attacks. (AC
                  | +3, EV +3) [Jiyva's grace]
  1047 | D:2      | Gained mutation: You are partially covered in iridescent
                  | scales. (AC +2) [Jiyva's grace]
  1142 | D:2      | Noticed Natasha
  1153 | D:2      | Killed Natasha
  1574 | D:2      | Killed Natasha
  1591 | D:2      | Killed Natasha
  1735 | D:3      | Reached **** piety under Jiyva
  1749 | D:3      | Reached XP level 5. HP: 47/47 MP: 4/4
  1887 | D:3      | Reached skill level 5 in Axes
  2536 | D:4      | Reached skill level 5 in Fighting
  2536 | D:4      | Reached XP level 6. HP: 56/56 MP: 5/5
  2568 | D:4      | Reached ***** piety under Jiyva
  2893 | D:4      | Found Monezoat's General Store.
  2899 | D:4      | Bought a scroll of teleportation for 33 gold pieces
  2926 | D:4      | Gained mutation: You are resistant to electric shocks.
                  | (rElec) [Jiyva's grace]
  2926 | D:4      | Gained mutation: You possess an exceptional clarity of
                  | mind. [Jiyva's grace]
  2926 | D:4      | Gained mutation: You are mostly covered in iridescent
                  | scales. (AC +4) [Jiyva's grace]
  2926 | D:4      | Gained mutation: You are completely covered in iridescent
                  | scales. (AC +6) [Jiyva's grace]
  3032 | D:5      | Entered Level 5 of the Dungeon
  3032 | D:5      | You are sucked into a shaft and drop 1 floor!
  3034 | D:6      | Noticed a steam dragon
  3039 | D:6      | Noticed a steam dragon
  3048 | D:6      | Killed a steam dragon
  3049 | D:6      | Reached skill level 6 in Axes
  3049 | D:6      | Noticed an ice beast
  3050 | D:6      | Killed a steam dragon
  3051 | D:6      | Reached XP level 7. HP: 26/62 MP: 6/6
  3053 | D:6      | Reached skill level 7 in Axes
  3316 | D:6      | Found a runed translucent gate.
  3320 | D:6      | Found a runed translucent gate.
  3320 | D:6      | Found a runed translucent gate.
  3320 | D:6      | Noticed Jeffvaz's ghost (novice MiGl)
  3350 | D:6      | Noticed Edmund
  3359 | D:6      | Noticed a steam dragon
  3360 | D:6      | Killed Edmund
  3361 | D:6      | Reached XP level 8. HP: 66/70 MP: 7/7
  3366 | D:6      | Reached skill level 5 in Armour
  3450 | D:6      | Reached skill level 8 in Axes
  3788 | D:7      | Noticed a cyclops
  3798 | D:7      | Killed a cyclops
  3807 | D:7      | Reached skill level 9 in Axes
  4065 | D:7      | Reached skill level 5 in Stealth
  4075 | D:7      | Reached XP level 9. HP: 78/79 MP: 8/8
  4089 | D:7      | Found a staircase to the Ecumenical Temple.
  4103 | D:7      | Reached ****** piety under Jiyva
  4342 | D:8      | Found a transporter.
  4348 | D:8      | Lost mutation: You are completely covered in iridescent
                  | scales. (AC +6) [Jiyva's grace]
  4348 | D:8      | Lost mutation: You possess an exceptional clarity of mind.
                  | [Jiyva's grace]
  4348 | D:8      | Lost mutation: You are resistant to electric shocks.
                  | (rElec) [Jiyva's grace]
  4348 | D:8      | Gained mutation: You have acidic saliva. [Jiyva's grace]
  4348 | D:8      | Gained mutation: You are partially covered in large bone
                  | plates. (SH +4) [Jiyva's grace]
  4348 | D:8      | Gained mutation: You are mostly covered in large bone
                  | plates. (SH +6) [Jiyva's grace]
  4348 | D:8      | Gained mutation: You are completely covered in large bone
                  | plates. (SH +8) [Jiyva's grace]
  4608 | D:8      | Noticed a sun demon
  4615 | D:8      | Reached skill level 10 in Axes
  4632 | D:8      | Found Qunn's Armour Emporium.
  4726 | D:8      | Found a one-way gate to the infinite horrors of the Abyss.
  4726 | D:8      | Noticed Swippen's ghost (novice GnFi)
  4726 | D:8      | Noticed a thrashing horror
  4735 | D:8      | Found a transporter.
  4766 | D:8      | Noticed a troll
  4772 | D:8      | Killed a troll
  4978 | D:9      | Noticed a two-headed ogre
  4985 | D:9      | Killed a two-headed ogre
  4986 | D:9      | Reached skill level 11 in Axes
  4999 | D:9      | Found a runed translucent gate.
  4999 | D:9      | Found a runed translucent gate.
  4999 | D:9      | Found a runed translucent gate.
  5004 | D:9      | Noticed a freezing wraith
  5011 | D:9      | Noticed a freezing wraith
  5011 | D:9      | Noticed HoaS's ghost (novice TrGl)
  5058 | D:9      | Found a staircase to the Lair.
  5076 | D:9      | Found a sacrificial altar of Ru.
  5264 | D:9      | Noticed a cyclops
  5273 | D:9      | Killed a cyclops
  5274 | D:9      | Reached XP level 10. HP: 65/90 MP: 7/9
  5305 | D:9      | Noticed a centaur warrior
  5313 | D:9      | Killed a centaur warrior
  5642 | D:10     | Entered Level 10 of the Dungeon
  5718 | D:10     | Reached skill level 12 in Axes
  5788 | D:10     | Noticed Urug
  5799 | D:10     | Killed Urug
  5835 | D:10     | Lost mutation: Your gelatinous body deflects attacks. (AC
                  | +3, EV +3) [Jiyva's grace]
  5835 | D:10     | Gained mutation: You are completely covered in iridescent
                  | scales. (AC +6) [Jiyva's grace]
  5835 | D:10     | Gained mutation: You are covered in slimy tendrils that may
                  | disarm your opponents. [Jiyva's grace]
  5835 | D:10     | Gained mutation: You have sharp fingernails. [Jiyva's
                  | grace]
  5835 | D:10     | Gained mutation: You have very sharp fingernails. [Jiyva's
                  | grace]
  5884 | D:10     | Noticed Lodul
  5886 | D:10     | Noticed a two-headed ogre
  5887 | D:10     | Noticed a two-headed ogre
  5887 | D:10     | Noticed a two-headed ogre
  5887 | D:10     | Noticed a two-headed ogre
  5888 | D:10     | Noticed a two-headed ogre
  5933 | D:9      | Killed Lodul
  5939 | D:9      | Killed a two-headed ogre
  5940 | D:9      | Reached skill level 13 in Axes
  6037 | D:9      | Killed a two-headed ogre
  6038 | D:9      | Reached XP level 11. HP: 99/99 MP: 10/10
  6081 | D:9      | Killed a two-headed ogre
  6082 | D:9      | Reached skill level 10 in Fighting
  6454 | D:10     | Noticed Erica
  6464 | D:10     | Killed Erica
  6733 | D:10     | Noticed Joseph
  6744 | D:10     | Killed Joseph
  6778 | D:11     | Paralysed by a hornet for 3 turns
  6817 | D:11     | Found a staircase to the Orcish Mines.
  6820 | D:11     | Noticed Erolcha
  6828 | D:11     | Cast into level 1 of the Abyss (Erolcha)
  7055 | D:11     | Escaped the Abyss
  7077 | D:11     | Slimified Erolcha
  7077 | D:11     | Noticed Erolcha
  7077 | D:11     | Erolcha changed into Erolcha the slime creature
  7185 | D:11     | Reached skill level 14 in Axes
  7223 | D:11     | Lost mutation: You are completely covered in iridescent
                  | scales. (AC +6) [Jiyva's grace]
  7223 | D:11     | Lost mutation: You are completely covered in large bone
                  | plates. (SH +8) [Jiyva's grace]
  7223 | D:11     | Gained mutation: Your skin changes colour to match your
                  | surroundings (Stealth+). [Jiyva's grace]
  7223 | D:11     | Gained mutation: Your skin blends seamlessly with your
                  | surroundings (Stealth++). [Jiyva's grace]
  7223 | D:11     | Gained mutation: Your skin perfectly mimics your
                  | surroundings (Stealth+++). [Jiyva's grace]
  7223 | D:11     | Gained mutation: You have large cloven feet. [Jiyva's
                  | grace]
  7244 | D:11     | Found a burning altar of Makhleb.
  7663 | D:12     | Noticed a two-headed ogre
  7663 | D:12     | Noticed a boulder beetle
  7671 | D:12     | Killed a two-headed ogre
  7672 | D:12     | Reached skill level 10 in Armour
  7681 | D:12     | Killed a boulder beetle
  7720 | D:12     | Found a portal to a secret trove of treasure.
  7886 | D:12     | Killed a deep elf pyromancer
  7991 | D:12     | Noticed Sonja
  7998 | D:12     | Killed Sonja
  8228 | D:12     | Identified the ring "Sikh" {rC+ Dex+6}
  8333 | D:13     | Noticed a green ugly thing
  8342 | D:13     | Killed a green ugly thing
  8472 | D:13     | Reached skill level 15 in Axes
  8472 | D:13     | Reached XP level 12. HP: 109/110 MP: 11/11
  8541 | D:13     | Found a gate to the Vaults.
  8541 | D:13     | Noticed a vault guard
  8541 | D:13     | Noticed a vault guard
  8557 | D:13     | Killed a vault guard
  8562 | D:13     | Killed a vault guard
  8830 | D:13     | Reached skill level 16 in Axes
  9120 | D:13     | Lost mutation: You have very sharp fingernails. [Jiyva's
                  | grace]
  9120 | D:13     | Lost mutation: You are mostly covered in iridescent scales.
                  | (AC +4) [Jiyva's grace]
  9120 | D:13     | Lost mutation: Your pliable body absorbs attacks. (AC +2,
                  | EV +2) [Jiyva's grace]
  9120 | D:13     | Lost mutation: Your rubbery body absorbs attacks. (AC +1,
                  | EV +1) [Jiyva's grace]
  9120 | D:13     | Gained mutation: You have hoof-like feet. [Jiyva's grace]
  9120 | D:13     | Gained mutation: You have hooves in place of feet. [Jiyva's
                  | grace]
  9120 | D:13     | Gained mutation: Your spells are a little harder to cast,
                  | but a little more powerful. [Jiyva's grace]
  9120 | D:13     | Gained mutation: Your spells are harder to cast, but more
                  | powerful. [Jiyva's grace]
  9128 | D:13     | Noticed a tengu warrior
  9131 | D:13     | Noticed a stone giant
  9136 | D:13     | Noticed a shadow dragon
  9262 | D:13     | Identified the +9 short sword of Change {spect, rPois Str+3
                  | Int-5 Dex+2}
  9267 | D:13     | Noticed a sphinx
  9273 | D:13     | Killed a stone giant
  9273 | D:13     | Paralysed by a sphinx for 5 turns
  9280 | D:13     | Killed from afar by a deep elf zephyrmancer

Illustrated notes

Levels and vault maps discovered:
D:1:      minmay_arrival_shattered_statue, layout_rooms,
          hellmonk_ecumenical_altar_pennies_from_heaven,
          chequers_serial_rivers_micro_c, serial_bayou_pond_e,
          minmay_crystal_water, palyth_stone_intersect
D:2:      wad_lake_hut, layout_rooms, uniq_natasha
D:3:      layout_rooms, serial_co_window_serial, co_window_paths_a,
          co_window_corner_a, co_window_of_opportunity_a, co_window_corner_a,
          co_window_paths_b, co_window_2corner, co_window_unsneaky_path_b,
          co_window_2corner, glass_columns_b, glass_columns_a, glass_columns_a
D:4:      layout_basic, serial_shops, shop, kennysheep_cross_bottleneck
D:5:      layout_gridville, lightli_sewer_entry_pipes,
          kennysheep_generic_room_15
D:6:      layout_rooms, ebering_ghost_rock_garden, kennysheep_small_circle,
          uniq_edmund
D:7:      layout_rooms, minmay_temple_entry_tees, serial_rivers,
          chequers_serial_rivers_small_3, chequers_serial_rivers_large_b,
          chequers_serial_rivers_micro_d, chequers_serial_rivers_micro_a,
          chequers_serial_rivers_room_a, chequers_serial_rivers_small_b
D:8:      layout_basic, serial_shops, nicolae_diamond_shop,
          gammafunk_ghost_abyssal_escape
D:9:      layout_stronghold, lemuel_tele_altar, lair_entry_dummy,
          gammafunk_ghost_spectres
D:10:     layout_stronghold, st_stairs_7, uniq_urug, uniq_erica, uniq_lodul,
          uniq_joseph
D:11:     layout_long_grid, erik_orc_4, bloody_makhleb, uniq_erolcha
D:12:     layout_loops_ring, nicolae_trove_entry_free_sample,
          grunt_ministairs_15, nicolae_figureground_pulse, uniq_sonja
D:13:     cross_vault, layout_loops_ring, grunt_vaults_entry_tiered

Skill      XL: |  1  2  3  4  5  6  7  8  9 10 11 12 |
---------------+-------------------------------------+-----
Armour         | 1 2 3 4 6 7 9 10 11 | 11.6
Stealth        | 2 3 4 5 6 7 8 9 |  9.2
Fighting       | 4 5 6 7 8 9 11 12 | 12.2
Axes           | 4 5 6 7 9 11 13 15 16 | 16.3
Dodging        | |  3.2

Action                   |  1- 3 |  4- 6 |  7- 9 | 10-12 || total
-------------------------+-------+-------+-------+-------++-------
Melee: Hand axe          |    41 |       |       |       ||    41
       Headbutt          |     7 |    13 |    35 |   110 ||   165
       Executioner's axe |    18 |    95 |   157 |   410 ||   680
       Bite              |       |       |     8 |    56 ||    64
       Kick              |       |       |       |    76 ||    76
Invok: Slimify           |       |       |       |     1 ||     1
Evoke: Wand              |       |       |     2 |     1 ||     3
  Use: Scroll            |       |     1 |    12 |     7 ||    20
       Potion            |       |       |       |     3 ||     3
 Stab: Sleeping          |       |       |       |     3 ||     3
       Distracted        |       |       |       |     1 ||     1
Armor: Chain mail        |    42 |    89 |    97 |   218 ||   446
Dodge: Dodged            |    23 |    83 |    94 |   212 ||   412
       Repelled          |       |     1 |     2 |     6 ||     9
Block: Other             |       |       |    35 |   171 ||   206

Table legend: (Time is in decaauts)
 A = Elapsed time spent in this place.
 B = Non-inter-level travel time spent in this place.
 C = Inter-level travel time spent in this place.
 D = Time resting spent in this place.
 E = Time spent auto-exploring this place.
 F = Levels seen in this place.
 G = Mean time per level.
                   A        B        C        D        E       F      G
               +--------+--------+--------+--------+--------+-----+--------+
         Total |   9552 |   9132 |    420 |    224 |   7000 |  14 |  682.3 |
       Dungeon |   9285 |   8865 |    420 |    212 |   6895 |  13 |  714.2 |
         Abyss |    266 |    266 |      0 |     12 |    105 |   1 |  266.0 |
               +--------+--------+--------+--------+--------+-----+--------+

Top non-repeatable levels by time:
    D:13: 1000 daAuts
     D:9: 961 daAuts
    D:10: 921 daAuts
     D:2: 835 daAuts
     D:1: 826 daAuts
     D:4: 754 daAuts
     D:3: 694 daAuts
     D:6: 684 daAuts
    D:11: 684 daAuts
     D:8: 665 daAuts
    D:12: 647 daAuts
     D:7: 608 daAuts
 Abyss:1: 266 daAuts
